 Dungeon Crawl Stone Soup version 0.22.1-2-g9c5b331383 (webtiles) character file.

58 Pocketmage the Magician (level 4, -6/32 HPs)
             Began as a Gnoll Wanderer on Dec 1, 2018.
             Mangled by a gnoll
             ... wielding a +0 flail
              (9 damage)
             ... on level 2 of the Dungeon.
             The game lasted 00:11:07 (1683 turns).

Pocketmage the Magician (Gnoll Wanderer)            Turns: 1683, Time: 00:11:07

Health: -6/32      AC:  5    Str: 17    XL:     4   Next: 2%
Magic:  0/11       EV: 12    Int: 18    God:
Gold:   72         SH:  0    Dex: 14    Spells: 8/13 levels left

rFire    . . .     SeeInvis .   q - +0 rapier (holy)
rCold    . . .     Gourm    .   (no shield)
rNeg     . . .     Faith    .   h - +0 ring mail
rPois    .         Spirit   .   (no helmet)
rElec    .         Reflect  .   (no cloak)
rCorr    .         Harm     .   (no gloves)
MR       .....                  (no boots)
Stlth    +.........             (no amulet)
HPRegen  0.10/turn              b - +1 ring of evasion
MPRegen  0.12/turn              (no ring)

@: brilliant
A: distributed training, fangs 1, strong nose
a: no special abilities


You were on level 2 of the Dungeon.
You were not hungry.

You visited 1 branch of the dungeon, and saw 3 of its levels.

You collected 72 gold pieces.

Inventory:

Hand Weapons
 e - a +0 club
 j - a +0 dagger
 n - a +0 whip of draining
 q - a +0 rapier of holy wrath (weapon)
Missiles
 c - 6 tomahawks (quivered)
Armour
 d - a +0 robe
 h - a +0 ring mail (worn)
Jewellery
 b - a +1 ring of evasion (left hand)
Scrolls
 g - 4 scrolls of identify {unknown}
 i - 2 scrolls of random uselessness {unknown}
 k - a scroll of immolation {unknown}
 p - a scroll of enchant armour {unknown}
 r - a scroll of blinking {unknown}
Potions
 l - a potion of agility {unknown}
 m - a potion of lignification {unknown}
 o - a potion of brilliance
 s - a potion of flight {unknown}
Comestibles
 f - 4 rations


   Skills:
 + Level 1.0 Fighting
 + Level 1.0 Short Blades
 + Level 1.0 Long Blades
 + Level 1.0 Axes
 + Level 1.0 Maces & Flails
 + Level 1.0 Polearms
 + Level 1.0 Staves
 + Level 1.0 Slings
 + Level 1.0 Bows
 + Level 1.0 Crossbows
 + Level 2.6 Throwing
 + Level 1.0 Armour
 + Level 1.0 Dodging
 + Level 1.0 Stealth
 + Level 1.0 Shields
 + Level 1.0 Unarmed Combat
 + Level 5.0 Spellcasting
 + Level 2.1 Conjurations
 + Level 3.8 Hexes
 + Level 0.7 Charms
 + Level 0.7 Summonings
 + Level 0.7 Necromancy
 + Level 0.7 Translocations
 + Level 2.1 Transmutations
 + Level 0.7 Fire Magic
 + Level 3.8 Ice Magic
 + Level 0.7 Air Magic
 + Level 0.7 Earth Magic
 + Level 0.7 Poison Magic
 + Level 1.0 Invocations
 + Level 2.6 Evocations


You had 8 spell levels left.
You knew the following spells:

 Your Spells              Type           Power        Failure   Level  Hunger
a - Ensorcelled Hibernat  Hex/Ice        ####..       1%          2    #......
b - Confuse               Hex            ####....     1%          3    ##.....

Your spell library contained the following spells:

 Spells                   Type           Power        Failure   Level  Hunger
 Corona                   Hex            ####...      1%          1    None
 Tukima's Dance           Hex            ####....     1%          3    ##.....
 Apportation              Tloc           ###...       2%          1    None
 Dazzling Spray           Conj/Hex       ####..       2%          3    ##.....
 Poisonous Vapours        Pois/Air       ###...       3%          2    #......
 Swiftness                Chrm/Air       ###.....     3%          2    #......
 Teleport Other           Tloc           ###.....     7%          3    ##.....


Dungeon Overview and Level Annotations

Branches:
Dungeon (3/15)

Altars:


Innate Abilities, Weirdness & Mutations

Your experience applies equally to all skills.
You have very sharp teeth.
Your uncanny sense of smell can sniff out nearby items.


Message History

Aiming: Ensorcelled Hibernation (safe; 11% risk of failure)
Press: ? - help, Shift-Dir - straight line, f - gnoll
Aim: a gnoll, wielding a flail (chance to defeat MR: 52%)
The gnoll resists with significant effort.
The hobgoblin closely misses you. The gnoll hits you with a flail.
You hit the hobgoblin but do no damage. The hobgoblin barely misses you.
The gnoll hits you with a flail!
* * * LOW HITPOINT WARNING * * *
Okay, then.
It was a potion of brilliance.
You feel clever all of a sudden.
The hobgoblin hits you but does no damage.
The gnoll closely misses you.
You closely miss the hobgoblin. The hobgoblin closely misses you.
The gnoll hits you with a flail.
* * * LOW HITPOINT WARNING * * *
You puncture the hobgoblin!
You kill the hobgoblin!
The gnoll hits you with a flail!
You die...

##..........#≈...#...#...≈#..###.
.....##.#...#≈...##.##...≈######.
##.####.#...#≈≈....#....≈≈# #..
#.# #.#...#≈≈≈.......≈≈≈# ##.#
#.# #.....#≈≈≈≈.....≈≈≈≈####..#
#.# #.....#≈≈≈≈≈≈≈≈≈≈≈≈≈#.##..#
#.# #.....###############......
#.# #........####...######..#.#
#.# #........g@).......# ##.#..
#.# #........###.......####....
#.# #........##..####..........
#.# #........#..## ###........
#.# ##..#..#...## ##...##..#..
#.# ##.......## ##.....##.... #.#
##...#### #.......##... #.#
###...# #............ #.# #..(..#
#........#...


You could see a gnoll.

Vanquished Creatures
  An adder (D:2)
  2 orcs
  6 giant cockroaches
  8 goblins
  6 hobgoblins
  2 quokkas (D:2)
  4 bats
  5 frilled lizards
  5 kobolds
  7 rats
46 creatures vanquished.

Notes
Turn   | Place    | Note
-------+----------+-------------------------------------------
     0 | D:1      | Pocketmage the Gnoll Wanderer began the quest for the Orb.
     0 | D:1      | Pocketmage set off with: a +0 robe, a +0 club, a ration
     0 | D:1      | Reached XP level 1. HP: 13/13 MP: 6/6
   286 | D:1      | Reached XP level 2. HP: 19/19 MP: 7/7
   302 | D:1      | Learned a level 2 spell: Ensorcelled Hibernation
  1119 | D:2      | Reached XP level 3. HP: 25/25 MP: 1/9
  1157 | D:2      | Reached skill level 5 in Spellcasting
  1393 | D:2      | Reached skill level 1 in Invocations
  1480 | D:2      | Learned a level 3 spell: Confuse
  1654 | D:2      | Reached skill level 1 in Fighting
  1654 | D:2      | Reached skill level 1 in Short Blades
  1654 | D:2      | Reached skill level 1 in Long Blades
  1654 | D:2      | Reached skill level 1 in Axes
  1654 | D:2      | Reached skill level 1 in Maces & Flails
  1654 | D:2      | Reached skill level 1 in Polearms
  1654 | D:2      | Reached skill level 1 in Staves
  1654 | D:2      | Reached skill level 1 in Slings
  1654 | D:2      | Reached skill level 1 in Bows
  1654 | D:2      | Reached skill level 1 in Crossbows
  1654 | D:2      | Reached skill level 1 in Armour
  1654 | D:2      | Reached skill level 1 in Dodging
  1654 | D:2      | Reached skill level 1 in Stealth
  1654 | D:2      | Reached skill level 1 in Shields
  1654 | D:2      | Reached skill level 1 in Unarmed Combat
  1678 | D:2      | Reached XP level 4. HP: 23/32 MP: 2/11
  1683 | D:2      | Mangled by a gnoll

Skill      XL: |  1  2  3 |
---------------+----------+-----
Conjurations   | 2 |  2.1
Transmutations | 2 |  2.1
Spellcasting   | 5 |  5.0
Invocations    | 1 |  1.0
Fighting       | 1 |  1.0
Short Blades   | 1 |  1.0
Long Blades    | 1 |  1.0
Axes           | 1 |  1.0
Maces & Flails | 1 |  1.0
Polearms       | 1 |  1.0
Staves         | 1 |  1.0
Slings         | 1 |  1.0
Bows           | 1 |  1.0
Crossbows      | 1 |  1.0
Armour         | 1 |  1.0
Dodging        | 1 |  1.0
Stealth        | 1 |  1.0
Shields        | 1 |  1.0
Unarmed Combat | 1 |  1.0
Throwing       | |  2.6
Hexes          | |  3.8
Charms         | |  0.7
Summonings     | |  0.7
Necromancy     | |  0.7
Translocations | |  0.7
Fire Magic     | |  0.7
Ice Magic      | |  3.8
Air Magic      | |  0.7
Earth Magic    | |  0.7
Poison Magic   | |  0.7
Evocations     | |  2.6

Action                   |  1- 3 |  4- 6 || total
-------------------------+-------+-------++-------
Melee: Club              |    27 |       ||    27
       Bite              |    10 |       ||    10
       Dagger            |    29 |       ||    29
       Whip              |    41 |       ||    41
       Rapier            |     8 |     3 ||    11
 Cast: Ensorcelled Hiber |    34 |     1 ||    35
  Use: Potion            |       |     1 ||     1
 Stab: Sleeping          |    20 |       ||    20
  Eat: Chunk             |     4 |       ||     4
Armor: Robe              |     3 |       ||     3
       Ring mail         |    35 |     1 ||    36
Dodge: Dodged            |    61 |     4 ||    65
